 Dungeon Crawl Stone Soup version 0.28-a0-1594-ga885d4b3d6 (webtiles) character file.

Game seed: 10216395811184788920

6 lonewolfV2 the Stinger (level 1, 0/7 HPs)
             Began as a Felid Venom Mage on Jan 20, 2022.
             Slain by a kobold (2 damage)
             ... on level 1 of the Dungeon.
             The game lasted 00:00:59 (206 turns).

lonewolfV2 the Stinger (Felid Venom Mage)            Turns: 206, Time: 00:01:00

Health: 0/7        AC:  1    Str:  4    XL:     1   Next: 75%
Magic:  3/4        EV: 17    Int: 16    God:
Gold:   0          SH:  0    Dex: 16    Spells: 3/4 levels left
                                        Lives:  0   Deaths: 0

rFire   . . .      SeeInvis +   (weapon unavailable)
rCold   . . .      Faith    .   (shield unavailable)
rNeg    . . .      Spirit   .   (armour unavailable)
rPois   .          Reflect  .   (helmet unavailable)
rElec   .          Harm     .   (cloak unavailable)
rCorr   .          Rampage  .   (gloves unavailable)
Will    .....                   (boots unavailable)
Stlth   ++........              (no amulet)
HPRegen 0.02/turn               (no ring)
MPRegen 0.09/turn               (no ring)

@: quick
A: very small, claws 1, fangs 3, see invisible, speed 1, shaggy fur 1, stealthy
paws, no weapons or thrown items, no armour, multi-lived
a: no special abilities


You were on level 1 of the Dungeon.
You visited 1 branch of the dungeon, and saw 1 of its levels.

Inventory:

Scrolls
 a - a scroll of identify
 b - a scroll of enchant armour


   Skills:
 + Level 2.7 Dodging
 + Level 2.9 Stealth
 + Level 2.0 Spellcasting
 + Level 1.1 Transmutations
 + Level 2.9 Poison Magic


You had 3 spell levels left.
You knew the following spells:

 Your Spells              Type           Power      Damage    Failure   Level
a - Sting                 Tmut/Pois      32%        1d4       9%          1

Your spell library contained the following spells:

 Spells                   Type           Power      Damage    Failure   Level
 Poisonous Vapours        Pois/Air       12%        N/A       17%         2
 Mephitic Cloud           Conj/Pois/Air  4%         N/A       38%         3
 Olgreb's Toxic Radiance  Pois           11%        N/A       52%         4


Dungeon Overview and Level Annotations

Branches:
Dungeon (1/15)

Altars:


Innate Abilities, Weirdness & Mutations

You have sharp claws.
You have razor-sharp teeth.
You have supernaturally acute eyesight. (SInv)
You cover ground quickly. (Speed+)
You are covered in fur. (AC +1)
Your paws help you pounce on unaware monsters.
You are incapable of wielding weapons or throwing items.
You cannot wear armour.
You gain extra lives every three experience levels.


Message History

a +0 short sword; a kobold corpse You scratch the kobold.
The kobold is severely wounded.
The kobold misses you.
The kobold hits something but does no damage.
You scratch the kobold but do no damage.
The kobold is severely wounded.
The kobold misses you.
The kobold hits something but does no damage.
You scratch the kobold but do no damage.
The kobold is severely wounded.
The kobold barely misses you.
The kobold hits something but does no damage.
You barely miss the kobold.
The kobold is severely wounded.
The kobold closely misses you.
The kobold hits something with a +0 whip.
You scratch the kobold.
You kill the kobold!
The kobold barely misses you.
You closely miss the kobold. The kobold barely misses you.
You scratch the kobold.
The kobold is moderately wounded.
The kobold barely misses you.
You miss the kobold. Your bite misses the kobold.
The kobold is moderately wounded.
The kobold barely misses you.
You barely miss the kobold.
The kobold is moderately wounded.
The kobold closely misses you.
You scratch the kobold but do no damage.
The kobold is moderately wounded.
The kobold closely misses you.
You barely miss the kobold.
The kobold is moderately wounded.
The kobold closely misses you.
You barely miss the kobold.
The kobold is moderately wounded.
The kobold hits you with a +0 dagger.
You die...

#......#
#......#
#.######
#.############
#...........$.
######.#######
#.# #♣ ♣♣♣
#.#♣P ≈..#
#@#P#K....
#K#P......
#K..K)K§..
###P......
PP÷..÷.
PP#.[.# ♣P♣
♣#♣ ##


You could see 2 kobolds.

Vanquished Creatures
  An endoplasm (D:1)
  A giant cockroach (D:1)
  3 kobolds (D:1)
5 creatures vanquished.

Vanquished Creatures (others)
  5 plants (D:1)
5 creatures vanquished.

Grand Total: 10 creatures vanquished

Notes
Turn   | Place    | Note
-------+----------+-------------------------------------------
     0 | D:1      | lonewolfV2 the Felid Venom Mage began the quest for the
                  | Orb.
     0 | D:1      | Reached XP level 1. HP: 7/7 MP: 4/4
   206 | D:1      | Slain by a kobold

Illustrated notes

Levels and vault maps discovered:
D:1:      onia_arrival_handbag, layout_basic, lexackson_kobold_supper

Action                   || total
-------------------------++-------
Melee: Unarmed           ||    17
 Cast: Sting             ||     7
  Use: Scroll            ||     1
Dodge: Dodged            ||    16

Table legend: (Time is in decaauts)
 A = Elapsed time spent in this place.
 B = Non-inter-level travel time spent in this place.
 C = Inter-level travel time spent in this place.
 D = Time resting spent in this place.
 E = Time spent auto-exploring this place.
 F = Levels seen in this place.
 G = Mean time per level.
                   A        B        C        D        E       F      G
               +--------+--------+--------+--------+--------+-----+--------+
         Total |    195 |    195 |      0 |      0 |    136 |   1 |  195.0 |
       Dungeon |    195 |    195 |      0 |      0 |    136 |   1 |  195.0 |
               +--------+--------+--------+--------+--------+-----+--------+

Top non-repeatable levels by time:
     D:1: 195 daAuts
